 Dungeon Crawl Stone Soup version 0.31-a0-1576-ga3383bade6 (webtiles) character file.

Game seed: 7206862147212760643

98694 Flugslaktarn the Warrior (level 15, 0/149 HPs)
             Began as a Minotaur Fighter on Jan 5, 2024.
             Was an Elder of Okawaru.
             Killed from afar by a naga mage (19 damage)
             ... with a bolt of poison
             ... on level 2 of the Snake Pit.
             The game lasted 00:10:54 (17223 turns).

Flugslaktarn the Warrior (Minotaur Fighter)        Turns: 17223, Time: 00:10:55

Health: 0/149      AC: 19    Str: 27    XL:     15   Next: 47%
Magic:  14/21      EV: 20    Int: 14    God:    Okawaru [****..]
Gold:   2054       SH: 26    Dex: 11    Spells: 14/14 levels left

rFire   + . .        K - +8 broad axe (heavy)
rCold   . . .        j - +6 tower shield of Gallantry {Int+5}
rNeg    . . .        P - +2 chain mail {rF+}
rPois   .            (helmet restricted)
rElec   .            (no cloak)
rCorr   .            A - +1 pair of gloves
SInv    .            (no boots)
Will    ++...        I - amulet of regeneration Stlth
                     v - +5 ring of evasion
HPRegen 1.24/turn    R - ring of Byirr {rPois Will+ EV+5 Int+4}
MPRegen 0.17/turn

%: no passive effects
@: lethally poisoned (0 -> -12), heroic, poison vulnerable
A: horns 2, retaliatory headbutt
a: Renounce Religion, Heroism, Finesse


You were on level 2 of the Snake Pit.
You worshipped Okawaru.
Okawaru was greatly pleased with you.
You visited 5 branches of the dungeon, and saw 22 of its levels.
You also visited: Bailey, Ice Cave and Volcano.

You collected 2310 gold pieces.
You spent 256 gold pieces at shops.

Inventory:

Hand Weapons
 u - a +4 broad axe of freezing
   (You found it in an ice cave)
 J - the +4 consecrated labrys {holy, Valiant ^Fragile Fly SInv}
   (You found it on level 5 of the Lair of Beasts)

   Valiant:   It becomes more powerful as more dangerous foes come into view.
   SInv:      It lets you see invisible.
   Fly:       It grants you flight.
   ^Fragile:  It will be destroyed if unequipped.
 K - a +8 heavy broad axe (weapon)
   (You found it in a bailey)
Armour
 c - a +0 buckler
 e - an orb of light
   (You took it off a gnoll on level 5 of the Dungeon)
 j - the +6 tower shield of Gallantry (worn) {Int+5}
   (Okawaru gifted it to you on level 11 of the Dungeon)

   Int+5:     It affects your intelligence (+5).
 A - a +1 pair of gloves (worn)
   (You found it on level 7 of the Dungeon)
 H - a +0 plate armour
   (You took it off an orc warrior in a bailey)
 P - a +2 chain mail of fire resistance (worn)
   (You found it in a volcano)
Jewellery
 i - a ring of see invisible
   (You found it in an ice cave)
 k - a ring of resist corrosion
   (You found it on level 2 of the Lair of Beasts)
 v - a +5 ring of evasion (left hand)
   (You found it on level 8 of the Dungeon)
 I - an amulet of regeneration (around neck)
   (You found it on level 5 of the Lair of Beasts)
 Q - a ring of flight
   (You found it on level 3 of the Lair of Beasts)
 R - the ring of Byirr (right hand) {rPois Will+ EV+5 Int+4}
   (You found it in an ice cave)

   [ring of evasion]

   EV+5:      It affects your evasion (+5).
   Int+4:     It affects your intelligence (+4).
   rPois:     It protects you from poison Will+: It increases your willpower.
Wands
 b - a wand of acid (6)
   (You found it on level 11 of the Dungeon)
 g - a wand of digging (4)
   (You found it on level 7 of the Dungeon)
 m - a wand of paralysis (7)
   (You bought it in a shop on level 6 of the Dungeon)
 s - a wand of mindburst (11)
   (You found it on level 8 of the Dungeon)
Scrolls
 p - 3 scrolls of vulnerability
 r - 12 scrolls of identify
 t - 7 scrolls of teleportation
 y - 5 scrolls of fog
 z - 3 scrolls of blinking
 C - a scroll of fear
 M - 4 scrolls of enchant weapon
 S - a scroll of immolation
Potions
 d - a potion of might
 f - a potion of enlightenment
 h - 5 potions of haste
 l - a potion of magic
 n - a potion of resistance
 q - 4 potions of curing
 w - 4 potions of heal wounds
 x - a potion of lignification
 D - a potion of attraction
 G - a potion of cancellation
 L - 5 potions of berserk rage
 O - a potion of invisibility
Miscellaneous
 F - a condenser vane
   (You found it on level 5 of the Lair of Beasts)


   Skills:
 * Level 18.1(23.1) Fighting
 - Level 18.0(23.0) Axes
 + Level 13.6(18.6) Armour
 + Level 13.6(18.6) Shields
 + Level 10.1 Invocations


You had 14 spell levels left.
You didn't know any spells.
Your spell library contained the following spells:

 Spells                   Type           Power      Damage    Failure   Level
 Kiss of Death            Conj/Necr      0%         2d5       80%         1
 Necrotise                Necr           0%         1d4       80%         1
 Blink                    Tloc           0%         N/A       90%         2
 Lesser Beckoning         Tloc           0%         N/A       90%         2
 Momentum Strike          Conj/Tloc      0%         3d8       90%         2
 Confusing Touch          Hex            0%         N/A       99%         3
 Vampiric Draining        Necr           0%         2d6       99%         3
 Volatile Blastmotes      Fire/Tloc      0%         2d10      99%         3
 Dispel Undead            Necr           0%         3d6       100%        4
 Passage of Golubria      Tloc           0%         N/A       100%        4
 Curse of Agony           Necr           0%         N/A       100%        5
 Martyr's Knell           Necr/Summ      Unusable   N/A       N/A         4
 Summon Forest            Summ/Tloc      Unusable   N/A       N/A         5

Dungeon Overview and Level Annotations

Branches:
Dungeon (12/15)            Temple (1/1) D:5            Lair (5/5) D:11
 Shoals (0/4) Lair:3        Snake (2/4) Lair:3        Slime (0/5) Lair:5
    Orc (2/2) D:11            Elf (0/3) Orc:2        Bailey (visited)
  IceCv (visited)         Volcano (visited)

Altars:
Ashenzari
Cheibriados
Dithmenos
Elyvilon
Fedhas
Gozag
Hepliaklqana
Kikubaaqudgha
Makhleb
Nemelex Xobeh
Okawaru
Qazlal
Ru
Sif Muna
Trog
Uskayaw
Vehumet
Wu Jian
Xom
Yredelemnul
Zin
The Shining One
Jiyva

Shops:
D:6 *   Orc:1 *=??   Orc:2 (*=

Annotations:
D:10 4 transporters


Innate Abilities, Weirdness & Mutations

You have a pair of horns on your head.
You reflexively headbutt those who attack you in melee.


Message History

You barely miss the naga ritualist.
The naga ritualist is moderately wounded.
You hit the naga mage. You barely miss the mana viper.
You slash the salamander!
You feel extremely sick. You block the naga mage's attack.
The salamander hits you.
You are engulfed in flames.
You resist.
* * * LOW HITPOINT WARNING * * *
You block the mana viper's attack. The naga closely misses you.
You block the naga mage's attack. The naga ritualist spits poison at you.
The splash of poison misses you. The naga ritualist constricts you.
You block the salamander's attack.
You are too injured to fight recklessly!
You are too injured to fight recklessly!
You gain the combat prowess of a mighty hero.
You feel very sick. You block the mana viper's attack.
The naga mage hits you but does no damage.
You block the naga's attack. x2
The naga ritualist mumbles some strange prayers to its god against you.
You feel yourself grow more vulnerable to poison.
The naga ritualist constricts you. You block the mana viper's attack.
The salamander hits you!
* * * LOW HITPOINT WARNING * * *
You are engulfed in flames.
You resist.
* * * LOW HITPOINT WARNING * * *
You feel much better.
You feel very sick. You block the naga mage's attack.
You block the naga's attack. x2
The mana viper closely misses you. You block the naga ritualist's attack.
The naga ritualist constricts you. The salamander barely misses you.
Aiming: Duel (17% risk of failure)
Press: ? - help, Dir - move target, f - naga ritualist
Aim: a naga ritualist, wielding a +0 flail and wearing a +0 robe (moderately wounded, constricting you, catching its breath)
You enter into single combat with the naga ritualist!
The world spins around you as you enter the gateway.
You enter Okawaru's Arena!
Found a gate leading back out of this place.
You can no longer enter into single combat with a foe.
Okawaru will no longer gift you throwing weapons.
You feel very sick.
The spectator shouts! x7
The naga ritualist mumbles some strange prayers to its god against you.
You easily resist.
There is an empty arch of ancient stone here.
You cut the naga ritualist into ribbons!!!
You kill the naga ritualist!
Okawaru accepts your kill. Okawaru crowns you victorious!
An exit appears.
You feel very sick.
Base training target 18.0 for Axes reached!
Your base Axes skill increases to level 18!
You feel sick.
Things that are here:
a +0 flail; a +0 robe; a naga corpse You feel sick.
You feel sick.
You feel sick.
There is a gate leading back out of this place here.
You feel better.
There is a gate leading back out of this place here.
You start resting.
Okawaru bids you farewell from the Arena.
You feel like a meek peon again.
You are returned from the Arena.
Welcome back to the Snake Pit!
You block the mana viper's attack. You block the naga's attack.
You block the shock serpent's attack. You block the mana viper's attack.
The naga mage points at you and mumbles some strange words.
The bolt of poison hits you!
You are poisoned.
The shock serpent shoots out a bolt of lightning at you!
The bolt of electricity hits you. You block the naga's attack.
The naga spits poison at you. You block the splash of poison.
You block the mana viper's attack.
You feel very sick. You block the shock serpent's attack.
The salamander completely misses you. You furiously retaliate!
You headbutt the salamander. The mana viper closely misses you.
You block the naga's attack.
The shock serpent shoots out a bolt of lightning at you!
The bolt of electricity hits you!!
* * * LOW HITPOINT WARNING * * *
You gain the combat prowess of a mighty hero.
You feel sick. You block the salamander's attack.
You block the mana viper's attack. You block the shock serpent's attack.
The naga mage spits poison at you. You block the splash of poison.
The naga barely misses you.
As you read the scroll of fear, it crumbles to dust.
You assume a fearsome visage.
The shock serpent looks frightened!
The mana viper looks frightened!
The naga mage resists with some effort.
The salamander looks frightened!
The naga looks frightened! x2; You feel sick.
You feel sick.
You feel sick.
You feel sick.
You feel sick.
The naga mage gestures at you while chanting.
The bolt of poison hits you!!
You are more poisoned.
You die...

###. ..... ..:.. .
...S.###### ###..
..........####.....
...........[.......
.........†.........
#..........@.......
..##...............
#.....N..........
#.............##..
#S###.......### .
#.# #..N..#### .#
#...#### ...# ...


You could see a naga mage (catching breath) and a naga (fleeing).

Vanquished Creatures
  Aizul (Snake:1)
  An orc warlord (Bailey)
  3 dire elephants (Lair:5)
  A white draconian (IceCv)
  A fire dragon (Volcano)
  Fannar (Lair:2)
  2 hydras
  4 ogre magi (Orc:2)
  2 boulder beetles
  18 two-headed ogres
  7 death yaks (Lair:5)
  An orc high priest (Orc:1)
  A shock serpent (Snake:2)
  Amaemon (Lair:1)
  A skyshark (Lair:5)
  A spectral death yak (Lair:5)
  A fire crab (Volcano)
  4 skeletal warriors (D:11)
  A spectral anaconda (Lair:5)
  A naga ritualist (Arena)
  An obsidian statue (Lair:5)
  4 necromancers (Lair:5)
  2 salamanders (Snake:1)
  17 elephants (Lair:5)
  3 naga magi (Snake:1)
  3 kobold blastminers
  4 black mambas
  A gargoyle (D:10)
  2 ice statues (IceCv)
  An orange demon (Lair:1)
  12 cane toads
  2 unseen horrors
  6 rime drakes
  9 komodo dragons
  An efreet (D:11)
  10 trolls
  2 polar bears
  Prince Ribbit (D:5)
  20 blink frogs
  7 dream sheep (Lair:4)
  3 shadows
  2 vampires (D:11)
  2 wraiths
  94 yaks
  5 wyverns
  Eustachio (D:4)
  2 fire bats (Volcano)
  3 basilisks
  A warg (Orc:2)
  3 steam dragons
  2 death yak simulacra
  7 nagas
  3 vampire mosquitoes
  2 acid dragons
  A spectral cane toad (Lair:5)
  19 orc warriors
  14 water moccasins
  A hell hound (Volcano)
  An ice beast (D:6)
  A black bear (D:6)
  7 wolves
  An elephant zombie (Lair:5)
  30 ogres
  5 centaurs
  3 elephant skeletons (Lair:5)
  2 kobold brigands
  7 bullfrogs
  A two-headed ogre simulacrum (Orc:2)
  3 scorpions
  2 cane toad simulacra
  A gnoll sergeant (D:9)
  A wight (D:10)
  4 lindwurm simulacra (IceCv)
  4 komodo dragon simulacra (IceCv)
  3 jellies
  5 hounds
  14 orc priests
  A gnoll bouda (D:6)
  3 iguanas
  A sleepcap (D:5)
  Ijyb (D:4)
  15 orc wizards
  A troll simulacrum (Orc:2)
  14 hell rats
  3 spriggan simulacra (Orc:2)
  14 gnolls
  10 adders
  A naga simulacrum (Orc:2)
  8 acid dragon simulacra (IceCv)
  5 steam dragon simulacra (IceCv)
  A ribbon worm (D:5)
  4 dart slugs
  57 orcs
  5 ball pythons
  A bat (D:2)
  2 endoplasms
  A giant cockroach (D:4)
  5 goblins
  6 hobgoblins
  3 jackals (D:5)
  A quokka (D:2)
  A frilled lizard (D:2)
  19 kobolds
  2 rats
606 creatures vanquished.

Notes
Turn   | Place    | Note
-------+----------+-------------------------------------------
     0 | D:1      | Flugslaktarn the Minotaur Fighter began the quest for the
                  | Orb.
     0 | D:1      | Reached XP level 1. HP: 19/19 MP: 0/0
   124 | D:2      | Reached XP level 2. HP: 27/27 MP: 1/1
   229 | D:2      | Reached XP level 3. HP: 31/33 MP: 2/2
   514 | D:4      | Noticed an ogre
   523 | D:4      | Killed an ogre
   524 | D:4      | Reached skill level 5 in Fighting
   524 | D:4      | Reached XP level 4. HP: 41/42 MP: 3/3
   524 | D:4      | Reached XP level 5. HP: 47/48 MP: 4/4
   599 | D:4      | Noticed Ijyb
   605 | D:4      | Killed Ijyb
   647 | D:4      | Noticed Eustachio
   659 | D:4      | Killed Eustachio
   660 | D:4      | Reached skill level 5 in Axes
   660 | D:4      | Reached XP level 6. HP: 33/57 MP: 5/5
  1095 | D:5      | Entered Level 5 of the Dungeon
  1149 | D:5      | Found a hazy altar of Hepliaklqana.
  1265 | D:5      | Noticed Prince Ribbit
  1267 | D:5      | Found a staircase to the Ecumenical Temple.
  1292 | D:5      | Killed Prince Ribbit
  1293 | D:5      | Reached skill level 5 in Armour
  1293 | D:5      | Reached skill level 5 in Shields
  1293 | D:5      | Reached XP level 7. HP: 52/64 MP: 6/6
  1360 | Temple   | Found a transporter.
  1360 | Temple   | Found a transporter.
  1360 | Temple   | Found a transporter.
  1360 | Temple   | Found a transporter.
  1360 | Temple   | Entered the Ecumenical Temple
  1375 | Temple   | Became a worshipper of Warmaster Okawaru
  1974 | D:6      | Reached XP level 8. HP: 61/73 MP: 7/7
  2121 | D:6      | Reached * piety under Okawaru
  2151 | D:6      | Found Hiophug's Assorted Antiques.
  2154 | D:6      | Bought a scroll labelled LACHEU RUSS for 22 gold pieces
  2154 | D:6      | Bought a bubbling grey potion for 19 gold pieces
  2154 | D:6      | Bought a scroll labelled JAS OQUAPEF for 22 gold pieces
  2154 | D:6      | Bought an encrusted silver wand for 88 gold pieces
  2194 | D:6      | Got Opsosa's Tome of Location
  2564 | D:7      | Found a radiant altar of Vehumet.
  2644 | D:7      | Noticed a hornet
  2806 | D:8      | Reached skill level 1 in Invocations
  2941 | D:8      | Found a broken altar of Ashenzari.
  3202 | D:8      | Reached ** piety under Okawaru
  3804 | D:7      | Reached XP level 9. HP: 77/82 MP: 9/9
  4088 | D:7      | Found an opulent altar of Gozag.
  4213 | D:7      | Noticed a troll
  4244 | D:7      | Killed a troll
  4581 | D:7      | Found a snail-covered altar of Cheibriados.
  4826 | D:9      | Found a flagged portal.
  4885 | Bailey   | Entered a bailey
  4890 | Bailey   | Noticed an orc warlord
  4953 | Bailey   | Found a runed translucent gate.
  4954 | Bailey   | Found a runed translucent gate.
  4956 | Bailey   | Found a runed translucent gate.
  5141 | Bailey   | Killed an orc warlord
  5141 | Bailey   | Reached *** piety under Okawaru
  5142 | Bailey   | Reached skill level 10 in Fighting
  5153 | Bailey   | Acquired the amulet of Pride {Faith Fly Str+6 Dex+4}
  5319 | D:9      | Reached XP level 10. HP: 90/94 MP: 11/11
  5320 | D:9      | Reached skill level 10 in Axes
  5374 | D:9      | Noticed a two-headed ogre
  5376 | D:9      | Noticed a two-headed ogre
  5381 | D:9      | Killed a two-headed ogre
  5381 | D:9      | Reached **** piety under Okawaru
  5383 | D:9      | Killed a two-headed ogre
  5616 | D:9      | Reached ***** piety under Okawaru
  5714 | D:9      | Received a gift from Okawaru
  5715 | D:9      | Reached skill level 5 in Invocations
  5834 | D:10     | Entered Level 10 of the Dungeon
  5834 | D:10     | Noticed a gargoyle
  5838 | D:10     | Killed a gargoyle
  5839 | D:10     | Reached XP level 11. HP: 104/104 MP: 13/13
  5890 | D:10     | Found a transporter.
  5899 | D:10     | Found a transporter.
  5900 | D:10     | Found a transporter.
  5940 | D:10     | Found a transporter.
  6006 | D:10     | Noticed a two-headed ogre
  6009 | D:10     | Killed a two-headed ogre
  6328 | D:10     | Identified the +0 short sword of the Last Xenophobes {vamp,
                  | rElec rF+}
  6523 | D:10     | Noticed a boulder beetle
  6528 | D:10     | Killed a boulder beetle
  6747 | D:11     | Received a gift from Okawaru
  6770 | D:11     | Found a staircase to the Lair.
  7288 | D:11     | Noticed a boulder beetle
  7288 | D:11     | Noticed a centaur warrior
  7288 | D:11     | Found the +3 Elemental Staff {ele, rElec rF+ rC+ AC+3}
  7288 | D:11     | Noticed a centaur warrior
  7289 | D:11     | Noticed a centaur warrior
  7289 | D:11     | Noticed a centaur warrior
  7323 | D:11     | Reached ****** piety under Okawaru
  7323 | D:11     | Received a gift from Okawaru
  7328 | D:11     | Found a staircase to the Orcish Mines.
  7397 | D:11     | Noticed a skeletal warrior
  7397 | D:11     | Noticed a skeletal warrior
  7402 | D:11     | Noticed a skeletal warrior
  7599 | D:11     | Acquired the +6 tower shield of Gallantry {Int+5}
  7599 | D:11     | Received a gift from Okawaru
  7932 | D:11     | Killed a skeletal warrior
  7933 | D:11     | Reached XP level 12. HP: 115/115 MP: 15/15
  7935 | D:11     | Received a gift from Okawaru
  7936 | D:11     | Reached skill level 10 in Armour
  7936 | D:11     | Reached skill level 10 in Shields
  8188 | D:12     | Noticed a boulder beetle
  8215 | D:12     | Killed a boulder beetle
  8267 | Lair:1   | Entered Level 1 of the Lair of Beasts
  8605 | Lair:1   | Noticed Amaemon
  8621 | Lair:1   | Received a gift from Okawaru
  8626 | Lair:1   | Killed Amaemon
  9514 | Lair:2   | Noticed a five-headed hydra
  9521 | Lair:2   | Killed a nine-headed hydra
  9521 | Lair:2   | Received a gift from Okawaru
  9653 | Lair:2   | Noticed Fannar
  9659 | Lair:2   | Killed Fannar
 10152 | Lair:2   | Reached XP level 13. HP: 125/125 MP: 17/17
 10438 | Lair:3   | Found a staircase to the Snake Pit.
 10730 | Lair:3   | You are sucked into a shaft and drop 2 floors!
 10730 | Lair:5   | Entered Level 5 of the Lair of Beasts
 10747 | Lair:5   | Found a viscous altar of Jiyva.
 10751 | Lair:5   | Received a gift from Okawaru
 10752 | Lair:5   | Reached skill level 15 in Fighting
 11046 | Lair:5   | Reached skill level 15 in Axes
 11088 | Lair:5   | Received a gift from Okawaru
 11356 | Lair:5   | Received a gift from Okawaru
 11427 | Lair:5   | Noticed a dire elephant
 11427 | Lair:5   | Noticed a dire elephant
 11428 | Lair:5   | Noticed a dire elephant
 11432 | Lair:5   | Identified the blade talisman "Kionysmo" {*Corrode rElec
                  | Str+5}
 11434 | Lair:5   | Found the +4 consecrated labrys {holy, Valiant ^Fragile Fly
                  | SInv}
 11774 | Lair:5   | Received a gift from Okawaru
 11814 | Lair:5   | Reached XP level 14. HP: 137/137 MP: 19/19
 11841 | Lair:5   | Got an earthy gem with 68 turns to spare
 11908 | Lair:5   | Lost the earthy gem through the power of Zot.Gained a life
                  | (3 lives remaining)
 12103 | Lair:5   | Received a gift from Okawaru
 12275 | Lair:5   | Identified the +8 scale mail of Haunted Leaves {+Blink
                  | rF++}
 12350 | Lair:5   | Found a staircase to the Slime Pits.
 12775 | Lair:4   | Received a gift from Okawaru
 13005 | Lair:4   | Identified the +0 dire flail of Trial by Ordeal {elec, rN++
                  | Dex+2}
 13089 | Lair:4   | Found a dark tunnel.
 13094 | Volcano  | Entered a volcano
 13983 | Lair:3   | Found a staircase to the Shoals.
 14353 | Orc:1    | Entered Level 1 of the Orcish Mines
 14358 | Orc:1    | Received a gift from Okawaru
 14472 | Orc:1    | Found Otorch's Assorted Antiques.
 14576 | Orc:1    | Found Xouhofax's Magic Scroll Shop.
 14770 | Orc:1    | Found Ohoufusch's Magic Scroll Shop.
 14775 | Orc:1    | Bought a scroll of blinking for 105 gold pieces
 14839 | Orc:1    | Found Obosa's Jewellery Shop.
 15050 | Orc:2    | Entered Level 2 of the Orcish Mines
 15206 | Orc:2    | Found a staircase to the Elven Halls.
 15206 | Orc:2    | Found a frozen archway.
 15226 | IceCv    | Entered an ice cave
 15565 | IceCv    | Received a gift from Okawaru
 15574 | IceCv    | Identified the ring of Byirr {rPois Will+ EV+5 Int+4}
 15936 | Orc:2    | Found Jian's Antique Weapon Boutique.
 15936 | Orc:2    | Found Uboc's General Store.
 15937 | Orc:2    | Found Inorej's Jewellery Emporium.
 15937 | Orc:2    | Found Alop's Magic Scroll Shop.
 15953 | Orc:2    | Reached XP level 15. HP: 122/147 MP: 16/21
 15963 | Orc:2    | Received a gift from Okawaru
 15976 | Orc:2    | Reached skill level 10 in Invocations
 16582 | Snake:1  | Entered Level 1 of the Snake Pit
 16625 | Snake:1  | Identified the serpent talisman of Qazlal, Mashing {Will++
                  | Str+3 Int-5}
 16625 | Snake:1  | Noticed Aizul
 16635 | Snake:1  | Killed Aizul
 16635 | Snake:1  | Received a gift from Okawaru
 17198 | Arena    | Entered the Arena
 17223 | Snake:2  | Killed from afar by a naga mage

Illustrated notes

Levels and vault maps discovered:
D:1:      ldierk_walled_garden_2, layout_basic
D:2:      layout_loops_cross, dreamdust_ecumenical_altar_drowned_temple,
          hangedman_abyss_or_decor_lesser_grid, minmay_misc_feat_tower,
          grunt_ministairs_7, kennysheep_generic_room_13
D:3:      layout_loops_ring, serial_forest, infiniplex_forest_lined_corner,
          infiniplex_forest_lined_room_, infiniplex_forest_clump_long,
          infiniplex_forest_lined_3, infiniplex_forest_corner_1,
          infiniplex_forest_lined_4_way, infiniplex_forest_clump_long,
          infiniplex_forest_lined_corner
D:4:      layout_loops_ring, uniq_eustachio, uniq_ijyb
D:5:      layout_loops_ring, mainiacjoe_overflow_brackets,
          minmay_temple_entry_large_hall, serial_rivers,
          chequers_serial_rivers_large_b, chequers_serial_rivers_room_b,
          chequers_serial_rivers_small_b, chequers_serial_rivers_micro_e,
          uniq_prince_ribbit1
D:6:      layout_rooms, serial_shops, nicolae_shop_real_fake_doors,
          grunt_ministairs_15
D:7:      layout_loops_corners, mainiacjoe_overflow_big_doors,
          vehumet_altar_wand_db, wad_mini_maze
D:8:      layout_gridville, ashenzari_altar_1
D:9:      layout_rooms, enter_bailey_8, minmay_fractal_squares_5
D:10:     minmay_angry_zag, layout_rooms, nicolae_transporter_circle
D:11:     layout_loops_ring, minmay_lair_entry_grove, david_orc_2, minivault_12
D:12:     layout_loops_ring, special_room [special_room_orc]
Temple:   hellmonk_temple_divided_pantheon
Lair:1:   layout_cave_shapes, infiniplex_staircase_pool_2, uniq_amaemon
Lair:2:   layout_cellular_growth, serial_bayou_shore_b, uniq_fannar
Lair:3:   wander_river, layout_long_grid, minmay_shoals_entry_centaurs,
          minmay_snake_entry_guardpost_medium
Lair:4:   layout_regular_city, enter_volcano_4, grunt_megastairs_5
Lair:5:   due_jungle_book, layout_cave_pods, slime_entry_1
Snake:1:  layout_grid_maze, nicolae_snake_yet_another_twisty_hallway, uniq_aizul
Snake:2:  layout_onion, ebering_ghost_inner_flame
Orc:1:    layout_diamond_mine, basic_altar, serial_shops,
          nicolae_shop_hallway_stairs, nicolae_diamond_shop,
          nicolae_shop_rolling_square, nicolae_shop_advertising_works
          [nicolae_subvault_shop_adworks]
Orc:2:    st_orc_ogre_mass, layout_diamond_mine,
          portal_ice_cave_entry_ice_simulacra

Skill      XL: |  1  2  3  4  5  6  7  8  9 10 11 12 13 14 15 |
---------------+----------------------------------------------+-----
Fighting       | 4 5 6 7 8 10 11 13 14 16 17 18 | 18.1
Axes           | 3 4 5 6 8 9 11 12 14 15 17 18 | 18.0
Shields        | 4 5 6 7 8 9 11 12 13 | 13.6
Armour         | 4 5 6 7 8 9 11 12 13 | 13.6
Invocations    | 2 3 5 6 7 8 9 10 | 10.1

Action                     |  1- 3 |  4- 6 |  7- 9 | 10-12 | 13-15 || total
---------------------------+-------+-------+-------+-------+-------++-------
  Melee: War axe           |    61 |    55 |   208 |       |       ||   324
         Headbutt          |     3 |     7 |    52 |    41 |    83 ||   186
         Broad axe         |       |       |     1 |   241 |   477 ||   719
 Invoke: Heroism           |       |       |     1 |       |     3 ||     4
         Receive Armour    |       |       |       |     1 |       ||     1
         Finesse           |       |       |       |       |     1 ||     1
         Duel              |       |       |       |       |     1 ||     1
  Evoke: Wand              |       |       |     2 |       |       ||     2
    Use: Potion            |     1 |     2 |     1 |     6 |     2 ||    12
         Scroll            |       |       |     9 |    14 |     2 ||    25
   Stab: Paralysed         |       |       |     3 |       |       ||     3
 Armour: Scale mail        |     4 |       |       |       |       ||     4
         Chain mail        |    43 |    37 |   203 |       |    78 ||   361
         Skin              |       |    20 |     3 |       |       ||    23
         Plate armour      |       |       |     2 |   205 |   124 ||   331
  Dodge: Dodged            |    25 |    12 |    89 |   151 |   175 ||   452
  Block: Buckler           |    11 |    15 |       |       |       ||    26
         Tower shield      |       |       |       |   194 |   663 ||   857

Table legend: (Time is in decaauts)
 A = Elapsed time spent in this place.
 B = Non-inter-level travel time spent in this place.
 C = Inter-level travel time spent in this place.
 D = Time resting spent in this place.
 E = Time spent auto-exploring this place.
 F = Levels seen in this place.
 G = Mean time per level.
                   A        B        C        D        E       F      G
               +--------+--------+--------+--------+--------+-----+--------+
         Total |  17579 |  16571 |   1008 |   1851 |  11697 |  26 |  676.1 |
       Dungeon |   8090 |   7617 |    473 |   1103 |   5185 |  12 |  674.2 |
        Temple |     30 |     17 |     13 |      0 |      0 |   1 |   30.0 |
          Lair |   5892 |   5630 |    262 |    360 |   4393 |   5 | 1178.4 |
     Snake Pit |    631 |    490 |    141 |    196 |    195 |   2 |  315.5 |
  Orcish Mines |   1663 |   1546 |    117 |      0 |   1271 |   2 |  831.5 |
        Bailey |    413 |    413 |      0 |      7 |    225 |   1 |  413.0 |
      Ice Cave |    501 |    501 |      0 |    181 |    173 |   1 |  501.0 |
       Volcano |    339 |    339 |      0 |      0 |    254 |   1 |  339.0 |
         Arena |     17 |     17 |      0 |      4 |      0 |   1 |   17.0 |
               +--------+--------+--------+--------+--------+-----+--------+

Top non-repeatable levels by time:
  Lair:5: 1771 daAuts
    D:11: 1577 daAuts
     D:7: 1392 daAuts
  Lair:2: 1266 daAuts
     D:8: 1058 daAuts
  Lair:1: 996 daAuts
  Lair:3: 994 daAuts
    D:10: 924 daAuts
   Orc:2: 916 daAuts
  Lair:4: 864 daAuts
     D:5: 796 daAuts
   Orc:1: 747 daAuts
     D:4: 678 daAuts
     D:9: 640 daAuts
 Snake:1: 607 daAuts
